 Dungeon Crawl Stone Soup version 0.31-a0-150-g89dc3ad700 (webtiles) character file.

Game seed: 15077109296809887829

452 pokeman the Magician (level 6, -2/34 HPs)
             Began as a Deep Elf Hedge Wizard on June 9, 2023.
             Was a Follower of Vehumet.
             Slain by an ogre
             ... wielding a +0 giant club
              (25 damage)
             ... on level 4 of the Dungeon.
             The game lasted 00:07:40 (3855 turns).

pokeman the Magician (Deep Elf Hedge Wizard)        Turns: 3855, Time: 00:07:41

Health: -2/34      AC:  4    Str:  7    XL:     6   Next: 75%
Magic:  2/18       EV: 13    Int: 21    God:    Vehumet [*.....]
Gold:   123        SH:  5    Dex: 14    Spells: 11/19 levels left

rFire   . . .        o - +0 sling (freeze)
rCold   . . .        (no shield)
rNeg    . . .        b - +0 robe
rPois   .            l - +0 helmet
rElec   .            n - +0 cloak
rCorr   .            (no gloves)
SInv    .            (no boots)
Will    .....        u - amulet of reflection
Stlth   ++           (no ring)
HPRegen 0.25/turn    (no ring)
MPRegen 0.16/turn

%: reflection
@: very slightly contaminated
A: no striking features
a: Renounce Religion


You were on level 4 of the Dungeon.
You worshipped Vehumet.
Vehumet was aware of your devotion.
You visited 2 branches of the dungeon, and saw 5 of its levels.

You collected 123 gold pieces.

Inventory:

Hand Weapons
 o - a +0 sling of freezing (weapon)
Armour
 a - a +0 kite shield
 b - a +0 robe (worn)
 l - a +0 helmet (worn)
 n - a +0 cloak (worn)
Magical Staves
 e - a staff of cold
Jewellery
 u - an amulet of reflection (around neck)
Scrolls
 c - a scroll of enchant weapon {unknown}
 f - a scroll of brand weapon {unknown}
 g - 6 scrolls of identify {unknown}
 i - 4 scrolls of teleportation {unknown}
 k - a scroll of fear {unknown}
 m - a scroll of enchant armour {unknown}
 r - a scroll of butterflies {unknown}
 t - 2 scrolls of noise {unknown}
Potions
 d - a potion of magic
 h - a potion of cancellation {unknown}
 j - a potion of might {unknown}
 p - 2 potions of brilliance {unknown}
 q - a potion of curing {unknown}
 s - 2 potions of resistance {unknown}
 v - a potion of mutation {unknown}


   Skills:
 + Level 1.1 Fighting
 - Level 1.0 Armour
 - Level 3.0 Dodging
 - Level 3.0 Stealth
 - Level 1.1 Shields
 * Level 7.2 Spellcasting
 * Level 3.4 Conjurations
 - Level 1.1 Summonings
 - Level 1.1 Translocations
 - Level 1.0 Ice Magic
 - Level 1.0 Air Magic
 - Level 1.0 Poison Magic
 - Level 1.2 Evocations


You had 11 spell levels left.
You knew the following spells:

 Your Spells              Type           Power      Damage    Failure   Level
a - Magic Dart            Conj           88%        1d7       1%          1
b - Mephitic Cloud        Conj/Pois/Air  15%        N/A       12%         3
c - Call Imp              Summ           24%        N/A       9%          2
d - Blink                 Tloc           24%        N/A       9%          2

Your spell library contained the following spells:

 Spells                   Type           Power      Damage    Failure   Level
 Sandblast                Erth           14%        2d6       9%          1
 Slow                     Hex            28%        N/A       9%          1
 Cigotuvi's Dreadful Rot  Necr/Pois/Air  20%        N/A       10%         2


Dungeon Overview and Level Annotations

Branches:
Dungeon (4/15)             Temple (1/1) D:4

Altars:
Ashenzari
Cheibriados
Dithmenos
Gozag
Hepliaklqana
Kikubaaqudgha
Makhleb
Nemelex Xobeh
Qazlal
Uskayaw
Vehumet
Zin

Shops:
D:1 =   D:2 :[([


Message History

Fire: o) +0 sling (freeze)
Press: ? - help, Q - select action, (/) - cycle Shift-Dir - straight line, f - gnoll
Aim: a gnoll, wielding a +0 halberd (58% to hit)
You shoot a sling bullet. The sling bullet hits the gnoll.
The sling bullet freezes the gnoll.
The gnoll is moderately wounded.
An orc priest comes into view. It is wielding a +0 trident.
Fire: o) +0 sling (freeze)
Press: ? - help, Q - select action, (/) - cycle Shift-Dir - straight line, f/p - gnoll
Aim: a gnoll, wielding a +0 halberd (moderately wounded, 58% to hit)
You shoot a sling bullet. The orc priest shouts!
The sling bullet hits the gnoll.
The sling bullet freezes the gnoll.
You kill the gnoll!
Vehumet accepts your kill.
You hear a splash.
Fire: o) +0 sling (freeze)
Press: ? - help, Q - select action, (/) - cycle Shift-Dir - straight line, f - ogre
Aim: an ogre, wielding a +0 giant club (71% to hit)
You shoot a sling bullet.
The sling bullet hits the ogre but does no damage.
Unknown command.
Casting: Magic Dart (safe; 1% risk of failure)
Confirm with . or Enter, or press ? or * to list all spells.
The spell is quite dangerous to miscast (12% risk of failure)!
Continue anyway?
Aiming: Mephitic Cloud (quite dangerous; 12% risk of failure)
Press: ? - help, Shift-Dir - straight line, f/p - ogre
Aim: an ogre, wielding a +0 giant club (chance to affect: 77%) That beam is likely to hit you.
Continue anyway?
You miscast Mephitic Cloud.
You are very lightly contaminated with residual magic.
Nothing appears to happen.
The ogre barely misses you.
The orc priest yells loudly.
The orc priest hits you but does no damage.
The orc priest calls down the wrath of Beogh upon you.
Beogh smites you! The ogre attacks as you move away!
The ogre hits you with a +0 giant club!!
Ouch! That really hurt!
You die...

########################
......P.................
.......).......O@)......
....~~~≈÷)†)o~~~≈~~~~≈~≈
....~≈≈≈~≈≈~≈≈≈≈≈≈≈≈≈≈≈≈
....)≈#####)≈≈~~~~≈~~≈~≈
....~≈#oo.#.............
..).~≈#.o.#)############
....≈≈###'#..
....~≈~.#.#.. ....~≈≈.#


You could see an ogre and an orc priest.

Vanquished Creatures
  An ogre (D:4)
  A howler monkey (D:4)
  3 hounds (D:4)
  An orc wizard (D:3)
  9 gnolls (D:4)
  4 adders
  A worm (D:2)
  3 dart slugs
  11 orcs
  2 endoplasms
  7 goblins
  12 hobgoblins
  12 jackals
  2 quokkas (D:3)
  4 ball pythons
  3 bats
  A frilled lizard (D:2)
  4 kobolds
  6 rats
  A spectral kobold (D:3)
88 creatures vanquished.

Notes
Turn   | Place    | Note
-------+----------+-------------------------------------------
     0 | D:1      | pokeman the Deep Elf Hedge Wizard began the quest for the
                  | Orb.
     0 | D:1      | Reached XP level 1. HP: 10/10 MP: 7/7
   212 | D:1      | Found Olual's Jewellery Emporium.
   347 | D:1      | Reached XP level 2. HP: 15/15 MP: 6/9
   795 | D:2      | Found Waezaxir's Antique Weapon Emporium.
   860 | D:2      | Found Utapyam's Armour Boutique.
  1019 | D:2      | Found Xerimiq's Antique Armour Boutique.
  1174 | D:2      | Found a snail-covered altar of Cheibriados.
  1182 | D:2      | Reached skill level 5 in Spellcasting
  1182 | D:2      | Reached XP level 3. HP: 20/20 MP: 4/11
  1186 | D:2      | Learned a level 3 spell: Mephitic Cloud
  1189 | D:2      | Learned a level 2 spell: Call Imp
  1192 | D:2      | Learned a level 2 spell: Blink
  1399 | D:2      | Reached skill level 1 in Armour
  1644 | D:2      | Reached skill level 1 in Fighting
  1707 | D:2      | Found Refiff's Book Boutique.
  2017 | D:3      | Found a shadowy altar of Dithmenos.
  2077 | D:3      | Reached XP level 4. HP: 21/25 MP: 6/13
  2190 | D:3      | Found a glowing silver altar of Zin.
  2383 | D:3      | Found a burning altar of Makhleb.
  2509 | D:3      | Found a faded altar of an unknown god.
  2625 | D:3      | Found a hazy altar of Hepliaklqana.
  2911 | D:4      | Found a broken altar of Ashenzari.
  2957 | D:4      | Reached skill level 6 in Spellcasting
  2957 | D:4      | Reached XP level 5. HP: 29/29 MP: 7/15
  3105 | D:4      | Found a hide-covered altar of Uskayaw.
  3200 | D:4      | Found a staircase to the Ecumenical Temple.
  3211 | Temple   | Entered the Ecumenical Temple
  3254 | Temple   | Became a worshipper of Vehumet
  3402 | D:4      | Noticed an ogre
  3425 | D:4      | Killed an ogre
  3426 | D:4      | Reached skill level 1 in Shields
  3426 | D:4      | Reached skill level 1 in Evocations
  3557 | D:4      | Reached XP level 6. HP: 34/34 MP: 10/17
  3824 | D:4      | Reached skill level 7 in Spellcasting
  3836 | D:4      | Reached skill level 1 in Ice Magic
  3836 | D:4      | Reached skill level 1 in Poison Magic
  3838 | D:4      | Reached skill level 1 in Air Magic
  3845 | D:4      | Reached * piety under Vehumet
  3845 | D:4      | Offered knowledge of Sandblast by Vehumet.
  3855 | D:4      | Slain by an ogre

Illustrated notes

Levels and vault maps discovered:
D:1:      wheals_arrival_shading, layout_basic, serial_shops, shop,
          amcnicky_mini_rare_corridor_liquid
D:2:      layout_loops_ring, serial_shops, shop, shop, shop,
          nicolae_shop_behind_doors, basic_altar
D:3:      layout_rooms, nicolae_hepliaklqana_monster_ancestors,
          mainiacjoe_overflow_brackets, lemuel_doored_altar,
          grunt_dithmenos_smoke, shapermc_ecumenical_altar_mp_vishouse,
          fountainhead
D:4:      lemuel_castle_with_subvaults [lemuel_castle_interior_carwin_3],
          layout_basic, eat_drink_and_be_merry_uskayaw,
          nicolae_ashenzari_panopticon
Temple:   hellmonk_temple_beads

Skill      XL: |  1  2  3  4  5  6 |
---------------+-------------------+-----
Spellcasting   | 5 6 7 |  7.2
Armour         | 1 |  1.0
Fighting       | 1 |  1.1
Conjurations   | 2 3 |  3.4
Stealth        | 3 |  3.0
Dodging        | 3 |  3.0
Shields        | 1 |  1.1
Evocations     | 1 |  1.2
Ice Magic      | 1 |  1.0
Poison Magic   | 1 |  1.0
Air Magic      | 1 |  1.0
Summonings     | |  1.1
Translocations | |  1.1

Action                     |  1- 3 |  4- 6 || total
---------------------------+-------+-------++-------
  Melee: Dagger            |     3 |       ||     3
   Fire: Sling             |    13 |    67 ||    80
   Cast: Magic Dart        |    77 |   115 ||   192
         Mephitic Cloud    |     2 |     6 ||     8
         Blink             |       |     1 ||     1
 Armour: Robe              |     4 |    10 ||    14
  Dodge: Dodged            |    20 |     9 ||    29
  Block: Other             |       |     2 ||     2

Table legend: (Time is in decaauts)
 A = Elapsed time spent in this place.
 B = Non-inter-level travel time spent in this place.
 C = Inter-level travel time spent in this place.
 D = Time resting spent in this place.
 E = Time spent auto-exploring this place.
 F = Levels seen in this place.
 G = Mean time per level.
                   A        B        C        D        E       F      G
               +--------+--------+--------+--------+--------+-----+--------+
         Total |   3887 |   3796 |     91 |     40 |   3193 |   5 |  777.4 |
       Dungeon |   3812 |   3751 |     61 |     40 |   3158 |   4 |  953.0 |
        Temple |     74 |     44 |     30 |      0 |     35 |   1 |   74.0 |
               +--------+--------+--------+--------+--------+-----+--------+

Top non-repeatable levels by time:
     D:2: 1231 daAuts
     D:4: 1081 daAuts
     D:3: 760 daAuts
     D:1: 739 daAuts
  Temple: 74 daAuts
